 Dungeon Sprint DCSS version 0.28-a0-925-gd5e1996cdb (webtiles) character file.

Game seed: 9191039469919139281

3657152 Turgor the Conqueror (level 21, 224/224 HPs)
             Began as a Minotaur Berserker on Nov 26, 2021.
             Was the Champion of Trog.
             Escaped with the Orb
             ... and 3 runes on Nov 27, 2021!
             The game lasted 04:11:38 (18505 turns).

Turgor the Conqueror (Minotaur Berserker)          Turns: 18505, Time: 04:11:38

Health: 224/224    AC: 52    Str: 29    XL:     21   Next: 7%
Magic:  2/23       EV: 19    Int: 10    God:    Trog [******]
Gold:   307        SH: 30    Dex: 15    Spells: 28/28 levels left

rFire   + + +      SeeInvis .   A - +4 broad axe "Melum" {vorpal, *Slow +Blink rElec rPois Dex+2}
rCold   + + +      Faith    .   o - +5 tower shield
rNeg    + + .      Spirit   .   X - +14 gold dragon scales
rPois   +          Reflect  .   (helmet unavailable)
rElec   +          Harm     .   w - scarf {repulsion}
rCorr   +          Rampage  ∞   i - +2 pair of gloves {infuse}
Will    +++..      NoTele   +   m - +3 pair of seven-league boots {Rampage+∞}
Stlth   +......... NoCast   +   P - amulet "Pyipn" {-Cast Fragile rPois rC+++ Regen+}
HPRegen 1.27/turn               M - ring "Olaastah" {rN++ Slay+5}
MPRegen 0.18/turn               n - ring of Usarag {rF+ Will++ Int+2 Slay+4 Stlth-}

@: resistant, marked, hasted, repel missiles, very quick
A: horns 3, retaliatory headbutt, iridescent scales 1, clever 2, low mp 1,
subdued magic 1, MP-powered wands
0: Orb of Zot
}: 3/3 runes: silver, golden, iron
a: Renounce Religion, Evoke Blink, Berserk, Trog's Hand, Brothers in Arms


You escaped.
You worshipped Trog.
Trog was exalted by your worship.
You visited 1 branch You collected 307 gold pieces.

Inventory:

Hand Weapons
 j - a +9 broad axe
 k - a +9 vorpal broad axe
 A - the +4 broad axe "Melum" (weapon) {vorpal, *Slow +Blink rElec rPois Dex+2}
   (Trog gifted it to you in the Dungeon)

   It inflicts extra damage upon your enemies.
   Dex:       It affects your dexterity (+2).
   rElec:     It insulates you from electricity.
   rPois:     It protects you from poison.
   +Blink:    It lets you blink.
   *Slow:     It may slow you when you take damage.
 H - a +3 antimagic broad axe
 N - the +8 demon blade "Leech" {vamp, Harm Drain rN+}
   (Trog gifted it to you in the Dungeon)

   It heals its wielder for a portion of the damage dealt every time it strikes
   a living foe.
   rN:        It protects you from negative energy.
   Drain:     It drains your maximum health when unequipped.
   Harm:      It increases damage dealt and taken.
 Q - a +5 eudemon blade of holy wrath
 T - a +8 executioner's axe of flaming
Missiles
 b - 2 curare-tipped darts
 J - 7 silver javelins (quivered)
Armour
 i - a +2 pair of gloves of infusion (worn)
 m - the +3 pair of seven-league boots (worn) {Rampage+∞}
   (You found it in the Dungeon)

   Its wearer moves as far as possible in that direction when moving towards
   enemies.
 o - a +5 tower shield (worn)
 w - a scarf of repulsion (worn)
 K - a +2 hat
 X - +14 gold dragon scales (worn)
Jewellery
 n - the ring of Usarag (right hand) {rF+ Will++ Int+2 Slay+4 Stlth-}
   (You found it in the Dungeon)

   [ring of slaying]

   Int:       It affects your intelligence (+2).
   Slay:      It affects your accuracy & damage with ranged weapons and melee
   (+4).
   rF:        It protects you from fire.
   Will:      It greatly increases your willpower.
   Stlth:     It makes you less stealthy.
 t - the ring of Sofijeun {rC+ rCorr MP+9 Dex+3}
   (You found it in the Dungeon)

   [ring of protection from cold]

   Dex:       It affects your dexterity (+3).
   rC:        It protects you from cold.
   MP:        It affects your magic capacity (+9).
   rCorr:     It protects you from acid and corrosion.
 v - the ring "Tokkerch" {rF+ rN+ rCorr Dex-2}
   (You found it in the Dungeon)

   [ring of protection from fire]

   Dex:       It affects your dexterity (-2).
   rF:        It protects you from fire.
   rN:        It protects you from negative energy.
   rCorr:     It protects you from acid and corrosion.
 E - the ring of Daupuroq {rPois Str+6 Dex+6}
   (You found it in the Dungeon)

   [ring of strength]

   Str:       It affects your strength (+6).
   Dex:       It affects your dexterity (+6).
   rPois:     It protects you from poison.
 F - the amulet "Qytod" {Reflect Will++ SH+5}
   (You found it in the Dungeon)

   [amulet of reflection]

   It reflects blocked missile attacks.
   SH:        It affects your SH (+5).
   Will:      It greatly increases your willpower.
 G - the ring "Keqili" {rC++ Will+ Slay+5}
   (You found it in the Dungeon)

   [ring of slaying]

   Slay:      It affects your accuracy & damage with ranged weapons and melee
   (+5).
   rC:        It greatly protects you from cold.
   Will:      It increases your willpower.
 I - the ring of Hetaocka {rF++ rCorr Str+2 Int-4}
   (You found it in the Dungeon)

   [ring of resist corrosion]

   Str:       It affects your strength (+2).
   Int:       It affects your intelligence (-4).
   rF:        It greatly protects you from fire.
   rCorr:     It protects you from acid and corrosion.
 M - the ring "Olaastah" (left hand) {rN++ Slay+5}
   (You found it in the Dungeon)

   [ring of slaying]

   Slay:      It affects your accuracy & damage with ranged weapons and melee
   (+5).
   rN:        It greatly protects you from negative energy.
 O - the ring of the Morning {rC+ AC+4 Str+2 SInv}
   (You found it in the Dungeon)

   [ring of protection]

   AC:        It affects your AC (+4).
   Str:       It affects your strength (+2).
   rC:        It protects you from cold.
   SInv:      It lets you see invisible.
 P - the amulet "Pyipn" (around neck) {-Cast Fragile rPois rC+++ Regen+}
   (You found it in the Dungeon)

   [amulet of regeneration]

   rC:        It renders you almost immune to cold.
   rPois:     It protects you from poison.
   -Cast:     It prevents spellcasting.
   Regen:     It increases your rate of health regeneration.
   Fragile:   It will be destroyed if unequipped.
 R - the amulet of Neurosis {rElec Regen+ Int+4}
   (You found it in the Dungeon)

   [amulet of regeneration]

   Int:       It affects your intelligence (+4).
   rElec:     It insulates you from electricity.
   Regen:     It increases your rate of health regeneration.
 S - the ring of Ublo {rF+ rC+ Dex+2}
   (You found it in the Dungeon)

   [ring of protection from cold]

   Dex:       It affects your dexterity (+2).
   rF:        It protects you from fire.
   rC:        It protects you from cold.
 U - the ring of Terra Nullius {+Blink rC+ Dex+6}
   (You took it off a cherub in the Dungeon)

   [ring of protection from cold]

   Dex:       It affects your dexterity (+6).
   rC:        It protects you from cold.
   +Blink:    It lets you blink.
 W - the ring "Jaunenuxyp" {rN+ Will++ Int+4}
   (You took it off a vampire mage in the Dungeon)

   [ring of positive energy]

   Int:       It affects your intelligence (+4).
   rN:        It protects you from negative energy.
   Will:      It greatly increases your willpower.
 Z - the ring of Sloth {rElec rPois AC+6 Int+7}
   (You found it in the Dungeon)

   [ring of protection]

   AC:        It affects your AC (+6).
   Int:       It affects your intelligence (+7).
   rElec:     It insulates you from electricity.
   rPois:     It protects you from poison.
Wands
 q - a wand of paralysis (8)
 x - a wand of charming (10)
 B - a wand of mindburst (16)
Scrolls
 h - 2 scrolls of blinking
 l - 3 scrolls of vulnerability
 p - 3 scrolls of enchant weapon
 s - 4 scrolls of fog
 u - 2 scrolls of fear
 y - a scroll of silence
 C - a scroll of magic mapping
Potions
 a - a potion of invisibility
 c - 11 potions of curing
 d - 19 potions of heal wounds
 f - 7 potions of magic
 g - 6 potions of berserk rage
 r - 2 potions of resistance
 D - a potion of mutation
Miscellaneous
 L - a phantom mirror
 V - a tin of tremorstones (2/2)
 Y - a condenser vane


   Skills:
 O Level 27 Fighting
 O Level 27 Long Blades
 O Level 27 Axes
 - Level 20.9(27) Maces & Flails
 - Level 20.9(27) Polearms
 * Level 15.6(23.7) Staves
 - Level 25.2(27) Slings
 + Level 8.5 Bows
 + Level 8.4 Crossbows
 - Level 23.9(27) Throwing
 O Level 27 Armour
 O Level 27 Dodging
 + Level 24.4 Stealth
 O Level 27 Shields
 * Level 14.5 Unarmed Combat
 - Level 4.1 Spellcasting
 O Level 27 Evocations


You had 28 spell levels left.
You didn't know any spells.
Your spell library was empty.

Dungeon Overview and Level Annotations

Branches:
Dungeon (1/1)

Altars:
Ashenzari
Cheibriados
Dithmenos
Elyvilon
Fedhas
Gozag
Hepliaklqana
Kikubaaqudgha
Makhleb
Nemelex Xobeh
Okawaru
Qazlal
Ru
Sif Muna
Trog
Uskayaw
Vehumet
Wu Jian
Xom
Yredelemnul
Zin
The Shining One
Beogh
Jiyva
Lugonu


Innate Abilities, Weirdness & Mutations

You have a pair of large horns on your head.
You reflexively headbutt those who attack you in melee.
You are partially covered in iridescent scales. (AC +2)
Your mind is very acute. (Int +4)
Your magical capacity is low. (-10% MP)
Your spells are a little easier to cast, but a little less powerful.
You expend magic power (3 MP) to strengthen your wands.


Message History

Xuqaih is almost dead.
You hit the sixfirhy. You block the sixfirhy's attack.
Xuqaih kicks you but does no damage. You block the sixfirhy's attack.
You miss Xuqaih.
Xuqaih is almost dead.
You hit the sixfirhy. You block the sixfirhy's attack. Xuqaih gestures at you.
The spray of metal splinters hits you but does no damage.
The sixfirhy hits you but does no damage.
Your gold dragon scales prevents you from hitting Xuqaih.
Your headbutt misses Xuqaih.
Xuqaih is almost dead.
You cut the sixfirhy into ribbons!!!
You kill the sixfirhy!
Trog accepts your kill. Trog grants you a weapon!
Something appears at your feet!
You see here a +4 antimagic demon trident.
Xuqaih gestures at you.
The spray of metal splinters hits you but does no damage.
You slice Xuqaih!!
Xuqaih is almost dead.
The hellwing swoops through the air toward you!
You block the hellwing's attack. x2
You closely miss Xuqaih. You headbutt Xuqaih.
You kill Xuqaih!
Trog accepts your kill.
You slash the hellwing!
Your base Staves skill increases to level 15!
Your Bows skill increases to level 8!
Your Crossbows skill increases to level 8!
Your Unarmed Combat skill increases to level 14!
You slice the hellwing!!
The hellwing is severely wounded.
You slice the hellwing!!
You kill the hellwing!
Trog accepts your kill.
There is an open door to the Entrance Hall (Safe) here.
There is a staircase leading out of the dungeon here.
You have escaped!

##########.##....)...........''..
#))).).....?')..).....)......''..
#'#####+#####.....)#..#......##..
#.#..#..#..##........).[.....##..
#)#..+..+..#####'#####++#########
#)##'####'###.......##++# ##### #
#.#.[......##.......##..###...###
#.#........##.......##...##...##.
#)#####'#####...@...###...##'##..
#.#...)))[.##.......# ##.........
#.#...))...##.......###..###)###.
#'###########.......##.)##)....##
#)...)..#..###########..[)).....'
#.###[..#.############..##)....##
#.#..)..#.#....#..[[###..###)###.
#.#..)#.#)#)...#...[# ##...[.....
#.....#.#.).)..'..).###...##'##..


There were no monsters in sight!

Vanquished Creatures
  Antaeus (D)
  Dissolution (D)
  Gloorx Vloq (D)
  the Serpent of Hell (D)
  7 ancient liches (D)
  Mara (D)
  4 orbs of fire (D)
  4 royal mummies (D)
  Boris (D)
  the Lernaean hydra (D)
  Margery (D)
  A curse toe (D)
  A golden dragon (D)
  Jory (D)
  3 pearl dragons (D)
  2 bone dragons (D)
  2 hellephants (D)
  2 Tzitzimimeh (D)
  2 electric golems (D)
  4 Brimstone Fiends (D)
  2 tentacled monstrosities (D)
  3 Ice Fiends (D)
  4 Hell Sentinels (D)
  5 liches (D)
  27 Orb Guardians (D)
  7 pandemonium lords (D)
  3 deep elf blademasters (D)
  2 quicksilver dragons (D)
  4 deep elf master archers (D)
  3 titans (D)
  3 acid blobs (D)
  4 sphinxes (D)
  25 daevas (D)
  4 storm dragons (D)
  2 rockslimes (D)
  A frost giant (D)
  4 shadow dragons (D)
  2 nagarajas (D)
  2 fire giants (D)
  A deep elf sorcerer (D)
  28 angels (D)
  3 orc warlords (D)
  A draconian knight (D)
  2 draconian scorchers (D)
  4 balrugs (D)
  4 ghost moths (D)
  2 iron dragons (D)
  12 ghouls (D)
  A draconian stormcaller (D)
  2 spriggan defenders (D)
  A stone giant (D)
  2 reapers (D)
  A war gargoyle (D)
  2 apis (D)
  2 white draconians (D)
  5 deep elf annihilators (D)
  2 vampire knights (D)
  5 green draconians (D)
  4 red draconians (D)
  4 dire elephants (D)
  3 black draconians (D)
  3 deep elf demonologists (D)
  2 minotaurs (D)
  2 yellow draconians (D)
  3 blizzard demons (D)
  3 purple draconians (D)
  3 green deaths (D)
  2 deep elf death magi (D)
  A fire dragon (D)
  2 deep elf high priests (D)
  Erolcha (D)
  2 ice dragons (D)
  2 hell beasts (D)
  2 hydras (D)
  5 vault guards (D)
  A catoblepas (D)
  5 naga warriors (D)
  An anaconda (D)
  2 death knights (D)
  An alligator snapping turtle (D)
  A merfolk avatar (D)
  3 spriggan air magi (D)
  3 two-headed ogres (D)
  A merfolk aquamancer (D)
  2 ogre magi (D)
  An iron elemental (D)
  6 vampire magi (D)
  4 hell hogs (D)
  An orc high priest (D)
  A naga sharpshooter (D)
  3 deep elf knights (D)
  2 spriggan berserkers (D)
  4 sun demons (D)
  A fire crab (shapeshifter) (D)
  7 hell knights (D)
  2 fire crabs (D)
  10 skeletal warriors (D)
  A sixfirhy (D)
  An iron troll (D)
  A shadow wraith (D)
  A sea snake (D)
  A sea snake (shapeshifter) (D)
  A spriggan druid (D)
  27 cherubim (D)
  A swamp dragon (D)
  5 flayed ghosts (D)
  A lindwurm (D)
  A bog body (D)
  10 orc knights (D)
  A phantasmal warrior (D)
  A deep elf pyromancer (D)
  A wolf spider (D)
  An ugly thing (D)
  A mana viper (shapeshifter) (D)
  2 manticores (D)
  An elephant (D)
  2 black mambas (D)
  2 orange demons (D)
  A molten gargoyle (D)
  A rust devil (D)
  Maurice (D)
  A gargoyle (D)
  6 eyes of devastation (D)
  3 hellions (D)
  A freezing wraith (D)
  2 demonic crawlers (D)
  2 tormentors (D)
  6 yaktaurs (D)
  2 ice devils (D)
  A red devil (D)
  2 hellwings (D)
  A wandering mushroom (D)
  A troll (D)
  A hornet (D)
  3 merfolk (D)
  4 blink frogs (D)
  A snapping turtle (D)
  An air elemental (D)
  A spriggan (D)
  A tarantella (D)
  3 redbacks (D)
  3 water elementals (D)
  5 yaks (D)
  4 vampires (D)
  A ynoxinul (D)
  2 basilisks (D)
  2 wraiths (D)
  A wyvern (D)
  A chaos spawn (D)
  A fire bat (D)
  3 vampire mosquitoes (D)
  A neqoxec (D)
  2 nagas (D)
  A warg (D)
  3 hell hounds (D)
  4 orc warriors (D)
  3 ogres (D)
  3 necrophages (D)
  4 wolves (D)
  2 kobold brigands (D)
  An earth elemental (D)
  A gnoll sergeant (D)
  6 killer bees (D)
  A crimson imp (D)
  A hound (D)
  4 orc priests (D)
  2 gnoll shamans (D)
  Terence (D)
  An orc wizard (D)
  A hell rat (D)
  A mummy (D)
  2 adders (D)
  9 gnolls (D)
  2 white imps (D)
  An adder skeleton (D)
  3 adder zombies (D)
  3 adder simulacra (D)
  9 orcs (D)
  A ball python (D)
  2 bat skeletons (D)
  An endoplasm (D)
  2 hobgoblins (D)
  4 jackals (D)
  2 ball python simulacra (D)
  5 ball python skeletons (D)
  A ball python zombie (D)
  3 frilled lizards (D)
  A giant cockroach simulacrum (D)
  A giant cockroach zombie (D)
  A jackal skeleton (D)
  2 quokka simulacra (D)
  A quokka zombie (D)
565 creatures vanquished.

Vanquished Creatures (collateral kills)
  An orb of fire (D)
  2 bone dragons (D)
  A deep elf blademaster (D)
  A titan (D)
  A shadow dragon (D)
  A pandemonium lord (D)
  A minotaur (D)
  A deep elf annihilator (D)
  A dire elephant (D)
  An eidolon (D)
  A boulder beetle (D)
  A hydra (D)
  A catoblepas (D)
  A hell beast (D)
  A merfolk aquamancer (D)
  An orc knight (D)
  A kobold demonologist (D)
  A water elemental (D)
  Eustachio (D)
  A shadow (D)
  A flying skull (D)
  6 yaks (D)
  A warg (D)
  2 orc warriors (D)
  A bullfrog (D)
  A ball python (D)
  A jackal (D)
34 creatures vanquished.

Vanquished Creatures (others)
  A lindwurm (D)
  An ice devil (D)
  A necrophage (D)
  An orc priest (D)
4 creatures vanquished.

Grand Total: 603 creatures vanquished

Notes
Turn   | Place    | Note
-------+----------+-------------------------------------------
     0 | D        | Turgor the Minotaur Berserker began the quest for the Orb.
     0 | D        | Reached XP level 1. HP: 19/19 MP: 0/0
    39 | D        | Found a glowing golden altar of the Shining One.
    39 | D        | Found a glowing silver altar of Zin.
    39 | D        | Found a basalt altar of Yredelemnul.
    39 | D        | Found a shimmering altar of Xom.
    39 | D        | Found an ornate altar of the Wu Jian Council.
    39 | D        | Found a bloodstained altar of Trog.
    39 | D        | Found a shimmering blue altar of Sif Muna.
    39 | D        | Found a sacrificial altar of Ru.
    39 | D        | Found a stormy altar of Qazlal.
    39 | D        | Found an iron altar of Okawaru.
    39 | D        | Found a sparkling altar of Nemelex Xobeh.
    39 | D        | Found a burning altar of Makhleb.
    39 | D        | Found a viscous altar of Jiyva.
    39 | D        | Found a hazy altar of Hepliaklqana.
    39 | D        | Found an opulent altar of Gozag.
    39 | D        | Found a blossoming altar of Fedhas.
    39 | D        | Found a white marble altar of Elyvilon.
    39 | D        | Found a shadowy altar of Dithmenos.
    39 | D        | Found a snail-covered altar of Cheibriados.
    50 | D        | Reached XP level 2. HP: 27/27 MP: 0/1
    55 | D        | Reached ** piety under Trog
    56 | D        | Reached skill level 5 in Axes
    64 | D        | Reached *** piety under Trog
    76 | D        | Reached **** piety under Trog
    77 | D        | Reached XP level 3. HP: 26/35 MP: 0/2
   193 | D        | Reached skill level 5 in Fighting
   206 | D        | Noticed Terence
   206 | D        | Noticed a fire bat
   214 | D        | Killed a fire bat
   215 | D        | Reached skill level 5 in Dodging
   215 | D        | Reached XP level 4. HP: 28/45 MP: 3/3
   215 | D        | Reached XP level 5. HP: 31/51 MP: 4/4
   231 | D        | Reached ***** piety under Trog
   238 | D        | Killed Terence
   238 | D        | Received a gift from Trog
   259 | D        | Reached skill level 10 in Axes
   259 | D        | Reached XP level 6. HP: 49/60 MP: 5/5
   431 | D        | Noticed a blink frog
   445 | D        | Killed a blink frog
   445 | D        | Received a gift from Trog
   446 | D        | Reached XP level 7. HP: 70/70 MP: 6/6
   486 | D        | Noticed a demonic crawler
   488 | D        | Noticed a snapping turtle
   495 | D        | Killed a demonic crawler
   506 | D        | Killed a snapping turtle
   507 | D        | Reached skill level 10 in Fighting
   507 | D        | Reached XP level 8. HP: 79/79 MP: 7/7
   509 | D        | Reached skill level 10 in Armour
   636 | D        | Noticed a kobold demonologist
   646 | D        | Killed a kobold demonologist
   657 | D        | Noticed a hellwing
   657 | D        | Noticed an orc high priest
   658 | D        | Received a gift from Trog
   659 | D        | Reached ****** piety under Trog
   661 | D        | Reached skill level 15 in Axes
   661 | D        | Reached skill level 10 in Dodging
   661 | D        | Noticed a red devil
   661 | D        | Noticed a sixfirhy
   661 | D        | Noticed an orange demon
   664 | D        | Reached XP level 9. HP: 53/89 MP: 8/8
   668 | D        | Killed an orange demon
   668 | D        | Received a gift from Trog
   673 | D        | Killed a hellwing
   674 | D        | Killed an orc high priest
   683 | D        | Noticed Eustachio
   690 | D        | Killed Eustachio
   696 | D        | Reached XP level 10. HP: 74/101 MP: 9/9
   754 | D        | Noticed a seven-headed hydra
   759 | D        | Killed an eight-headed hydra
   760 | D        | Received a gift from Trog
   766 | D        | Noticed a boulder beetle
   767 | D        | Noticed a black mamba
   771 | D        | Killed a boulder beetle
   772 | D        | Killed a black mamba
   809 | D        | Noticed an elephant
   818 | D        | Killed an elephant
   829 | D        | Noticed a lindwurm
   838 | D        | Killed a lindwurm
   845 | D        | Received a gift from Trog
   883 | D        | Noticed an orange demon
   901 | D        | Killed an orange demon
   902 | D        | Reached XP level 11. HP: 111/111 MP: 10/10
   950 | D        | Noticed a frost giant
   952 | D        | Noticed a vampire mage
   958 | D        | Killed a frost giant
   958 | D        | Received a gift from Trog
   959 | D        | Reached skill level 15 in Fighting
   959 | D        | Reached skill level 15 in Armour
   965 | D        | Killed a vampire mage
  1005 | D        | Noticed a wolf spider
  1008 | D        | Noticed a sea snake
  1012 | D        | Received a gift from Trog
  1020 | D        | Killed a sea snake
  1029 | D        | Killed a wolf spider
  1032 | D        | Received a gift from Trog
  1087 | D        | Killed a shadow wraith
  1134 | D        | Noticed a merfolk avatar
  1143 | D        | Killed a merfolk avatar
  1295 | D        | Noticed an anaconda
  1303 | D        | Killed an anaconda
  1352 | D        | Received a gift from Trog
  1483 | D        | Noticed Maurice
  1492 | D        | Received a gift from Trog
  1493 | D        | Reached XP level 12. HP: 106/125 MP: 11/11
  1497 | D        | Killed Maurice
  1774 | D        | Noticed a nagaraja
  1785 | D        | Killed a nagaraja
  1937 | D        | Noticed an orc warlord
  1940 | D        | Noticed an orc warlord
  2026 | D        | Killed an orc warlord
  2119 | D        | Received a gift from Trog
  2141 | D        | Found a radiant altar of Vehumet.
  2141 | D        | Found a corrupted altar of Lugonu.
  2142 | D        | Found a hide-covered altar of Uskayaw.
  2142 | D        | Found an ancient bone altar of Kikubaaqudgha.
  2142 | D        | Found a broken altar of Ashenzari.
  2170 | D        | Reached skill level 1 in Evocations
  2321 | D        | Noticed a naga warrior
  2338 | D        | Killed a naga warrior
  2500 | D        | Noticed a seven-headed hydra
  2588 | D        | Killed a six-headed hydra
  2641 | D        | Reached skill level 15 in Dodging
  2689 | D        | Noticed a naga warrior
  2729 | D        | Killed a naga warrior
  2845 | D        | Killed an orc warlord
  2846 | D        | Reached skill level 1 in Shields
  2846 | D        | Reached skill level 5 in Evocations
  2865 | D        | Noticed a naga warrior
  2889 | D        | Received a gift from Trog
  2899 | D        | Killed a naga warrior
  3165 | D        | Reached XP level 13. HP: 74/139 MP: 12/12
  3399 | D        | Received a gift from Trog
  3719 | D        | Noticed a green draconian
  3719 | D        | Noticed a dire elephant
  3723 | D        | Reached skill level 1 in Slings
  3727 | D        | Killed a dire elephant
  3727 | D        | Killed a green draconian
  3727 | D        | Received a gift from Trog
  3728 | D        | Reached skill level 5 in Shields
  3735 | D        | Got the ring of Daupuroq {rPois Str+6 Dex+6}
  3737 | D        | Got the ring "Imemaipt" {Fly EV+4}
  3746 | D        | Got the ring of the Philosopher {Fire Dex+3}
  3825 | D        | Reached skill level 5 in Slings
  3828 | D        | Received a gift from Trog
  3828 | D        | Noticed an eidolon
  3830 | D        | Killed a ghost moth
  3833 | D        | Identified the ring of the Intense Pear {rC+ Will- Dex+4
                  | Stlth+}
  3833 | D        | Noticed a minotaur
  3839 | D        | Noticed a ghoul
  3844 | D        | Received a gift from Trog
  3844 | D        | Killed a ghoul
  3855 | D        | Killed a minotaur
  3856 | D        | Killed an eidolon
  3865 | D        | Identified the +4 quick blade of the Girdle {flame, *Slow
                  | rCorr Dex+2 Stlth+} (Trog gifted it to you in the Dungeon)
  3865 | D        | Received a gift from Trog
  4089 | D        | Identified the +10 quarterstaff "Ofyuts" {speed, rN+ Will++
                  | rCorr Stlth-}
  4093 | D        | Received a gift from Trog
  4101 | D        | Identified the +8 war axe "Hecaal" {flame, Drain Will++
                  | Str-4 Dex+8}
  4101 | D        | Noticed Erolcha
  4106 | D        | Killed Erolcha
  4265 | D        | Reached skill level 10 in Slings
  4275 | D        | Noticed a sphinx
  4287 | D        | Killed a sphinx
  4287 | D        | Received a gift from Trog
  4289 | D        | Noticed a deep elf death mage
  4289 | D        | Noticed a lich
  4289 | D        | Noticed a green draconian
  4289 | D        | Noticed a black draconian
  4289 | D        | Noticed a deep elf demonologist
  4289 | D        | Noticed a deep elf annihilator
  4289 | D        | Noticed a green draconian
  4289 | D        | Noticed a deep elf annihilator
  4294 | D        | Noticed a purple draconian
  4394 | D        | Killed a deep elf death mage
  4398 | D        | Killed a green draconian
  4399 | D        | Reached XP level 14. HP: 118/151 MP: 13/13
  4444 | D        | Killed a lich
  4444 | D        | Received a gift from Trog
  4766 | D        | Reached skill level 10 in Shields
  5154 | D        | Noticed a deep elf sorcerer
  5160 | D        | Killed a deep elf sorcerer
  5160 | D        | Received a gift from Trog
  5349 | D        | Reached skill level 10 in Evocations
  5376 | D        | Received a gift from Trog
  5524 | D        | Noticed a cacodemon
  5534 | D        | Noticed a nagaraja
  5550 | D        | Killed a nagaraja
  5550 | D        | Received a gift from Trog
  5824 | D        | Got the ring of Jachag {rCorr SInv}
  5826 | D        | Got the ring "Tokkerch" {rF+ rN+ rCorr Dex-2}
  5828 | D        | Got the ring of the Eight Wonders {rF+ rC+}
  5830 | D        | Got the ring "Naoblebit" {rC+ Will+}
  5832 | D        | Got the ring of Lyryax {*Corrode rElec rC+ Str+3 Slay+2}
  5834 | D        | Got the ring of Departure {rElec rPois Int-5 Dex+2 SInv}
  5836 | D        | Got the ring of Ublo {rF+ rC+ Dex+2}
  5838 | D        | Got the ring of Xom's Entertainment {Fire Int+2 Stlth+}
  5840 | D        | Got the ring "Lonuni" {rC+ Will++ Str-4 Int+3}
  5842 | D        | Got the ring "Rebiatef" {rPois Str+5 Dex+3}
  5844 | D        | Got the ring "Citammit" {rPois rF+ Will+ Str-5 Dex+7}
  5846 | D        | Got the ring of Intercession {*Slow rF+ Will+++ Dex-5 SInv}
  5848 | D        | Got the ring "Rihiel" {EV+6 Str+3 Dex+4}
  5850 | D        | Got the ring of Sloth {rElec rPois AC+6 Int+7}
  5918 | D        | Got the amulet "Qytod" {Reflect Will++ SH+5}
  5921 | D        | Got the amulet "Kumiyvopt" {Faith Rampage}
  5923 | D        | Got the amulet "Koukeleo" {Spirit rElec}
  5925 | D        | Got the amulet "Ytesaipn" {RegenMP Harm Rampage rC+ Int-5}
  5927 | D        | Got the amulet of Ifruf {RegenMP Harm MP+9 Int+4}
  5929 | D        | Got the amulet "Lonobux" {RegenMP Int+3}
  5935 | D        | Got the ring "Keqili" {rC++ Will+ Slay+5}
  5937 | D        | Got the ring of Qaadamn {Fly Str+3}
  5940 | D        | Got the ring "Olaastah" {rN++ Slay+5}
  5942 | D        | Got the ring "Ocinian Jan" {Contam rPois Dex+3}
  5945 | D        | Got the ring of the Morning {rC+ AC+4 Str+2 SInv}
  5947 | D        | Got the amulet "Pyipn" {-Cast Fragile rPois rC+++ Regen+}
  5956 | D        | Got the ring "Houphiushrye" {*Slow +Blink Fly rPois Slay+5}
  5958 | D        | Got the amulet of Neurosis {rElec Regen+ Int+4}
  6033 | D        | Noticed a stone giant
  6037 | D        | Received a gift from Trog
  6048 | D        | Killed a stone giant
  6052 | D        | Received a gift from Trog
  6151 | D        | Noticed a storm dragon
  6151 | D        | Noticed an orc warlord
  6151 | D        | Noticed a bone dragon
  6151 | D        | Noticed a deep elf blademaster
  6157 | D        | Killed a deep elf blademaster
  6163 | D        | Killed a bone dragon
  6173 | D        | Received a gift from Trog
  6176 | D        | Killed an orc warlord
  6187 | D        | Killed a ghost moth
  6193 | D        | Killed a storm dragon
  6242 | D        | Noticed a sphinx
  6257 | D        | Received a gift from Trog
  6265 | D        | Killed a sphinx
  6266 | D        | Reached XP level 15. HP: 166/166 MP: 10/14
  6290 | D        | Paralysed by an ogre mage for 5 turns
  6297 | D        | Received a gift from Trog
  6463 | D        | Noticed a deep elf blademaster
  6473 | D        | Killed a deep elf blademaster
  6480 | D        | Received a gift from Trog
  6493 | D        | Noticed a red draconian scorcher
  6501 | D        | Killed a red draconian scorcher
  6513 | D        | Noticed an acid blob
  6570 | D        | Received a gift from Trog
  6612 | D        | Killed an acid blob
  6613 | D        | Reached skill level 15 in Shields
  6678 | D        | Noticed a deep elf master archer
  6678 | D        | Noticed a fire giant
  6701 | D        | Killed a ghost moth
  6701 | D        | Received a gift from Trog
  6708 | D        | Killed a fire giant
  6709 | D        | Killed a deep elf master archer
  6981 | D        | Noticed a bone dragon
  6981 | D        | Noticed a bone dragon
  6981 | D        | Noticed a lich
  6981 | D        | Noticed a lich
  6982 | D        | Noticed a bone dragon
  6991 | D        | Killed a bone dragon
  7072 | D        | Killed a lich
  7072 | D        | Received a gift from Trog
  7073 | D        | Killed a bone dragon
  7076 | D        | Killed a lich
  7084 | D        | Received a gift from Trog
  7085 | D        | Reached skill level 27 in Fighting
  7263 | D        | Received a gift from Trog
  7304 | D        | Killed a bone dragon
  7437 | D        | Received a gift from Trog
  7448 | D        | Noticed a lich
  7453 | D        | Killed a lich
  7456 | D        | Received a gift from Trog
  7473 | D        | Identified the +7 flail of Oozing Pus {venom, Drain rC+ rN+
                  | Will+ Str+4}
  7541 | D        | Received a gift from Trog
  7564 | D        | Reached XP level 16. HP: 183/183 MP: 15/15
  7567 | D        | Reached skill level 27 in Armour
  7569 | D        | Received a gift from Trog
  7623 | D        | Identified the +9 hand axe "Zyxzitah" {vorpal, rElec rF+}
                  | (Trog gifted it to you in the Dungeon)
  7623 | D        | Received a gift from Trog
  7639 | D        | Identified the ring "Jaunenuxyp" {rN+ Will++ Int+4}
  7643 | D        | Received a gift from Trog
  7652 | D        | Reached skill level 15 in Evocations
  7675 | D        | Got a silver rune of Zot
  7716 | D        | Acquired a scarf of repulsion
  7803 | D        | Noticed a deep elf blademaster
  7819 | D        | Killed a deep elf blademaster
  7820 | D        | Reached skill level 15 in Slings
  7821 | D        | Received a gift from Trog
  7944 | D        | Noticed a sphinx
  7961 | D        | Killed a sphinx
  8006 | D        | Noticed Mara
  8007 | D        | Noticed Turgor's illusion
  8020 | D        | Received a gift from Trog
  8054 | D        | Noticed a deep elf master archer
  8056 | D        | Noticed a shadow dragon
  8062 | D        | Noticed Turgor's illusion
  8077 | D        | Killed Mara
  8077 | D        | Received a gift from Trog
  8084 | D        | Killed a deep elf master archer
  8087 | D        | Killed a shadow dragon
  8090 | D        | Noticed a titan
  8096 | D        | Killed a titan
  8096 | D        | Received a gift from Trog
  8097 | D        | Reached skill level 27 in Axes
  8130 | D        | Noticed a deep elf master archer
  8137 | D        | Killed a deep elf master archer
  8260 | D        | Received a gift from Trog
  8279 | D        | Reached skill level 1 in Throwing
  8283 | D        | Noticed a tentacled monstrosity
  8299 | D        | Killed a tentacled monstrosity
  8300 | D        | Reached skill level 1 in Spellcasting
  8421 | D        | Noticed a royal mummy
  8424 | D        | Noticed Gloorx Vloq
  8424 | D        | Noticed a storm dragon
  8428 | D        | Noticed an Executioner
  8428 | D        | Noticed an Executioner
  8507 | D        | Killed a royal mummy
  8554 | D        | Reached skill level 5 in Throwing
  8743 | D        | Noticed an Executioner
  8743 | D        | Noticed an Executioner
  8745 | D        | HP: 6/183 [Gloorx Vloq/foul vapour (14)]
  8750 | D        | Noticed an Executioner
  8750 | D        | Noticed an Executioner
  8750 | D        | Noticed an Executioner
  8750 | D        | Noticed an Executioner
  8759 | D        | Noticed an Executioner
  8759 | D        | Noticed an Executioner
  8759 | D        | Noticed an Executioner
  8783 | D        | Killed Gloorx Vloq
  8783 | D        | Received a gift from Trog
  8955 | D        | Killed a storm dragon
  8977 | D        | Noticed a sphinx
  8984 | D        | Killed a sphinx
  8999 | D        | Noticed an ancient lich
  8999 | D        | Noticed a hellephant
  9014 | D        | Reached XP level 17. HP: 191/191 MP: 1/18
  9024 | D        | Received a gift from Trog
  9042 | D        | Killed an ancient lich
  9053 | D        | Reached skill level 10 in Throwing
  9054 | D        | Killed a hellephant
  9063 | D        | Received a gift from Trog
  9196 | D        | Got the ring of Usarag {rF+ Will++ Int+2 Slay+4 Stlth-}
  9203 | D        | Got the ring of Hetaocka {rF++ rCorr Str+2 Int-4}
  9372 | D        | Noticed the Serpent of Hell
  9379 | D        | Killed the Serpent of Hell
  9442 | D        | Noticed an Ice Fiend
  9448 | D        | Killed an Ice Fiend
  9528 | D        | Noticed a pearl dragon
  9533 | D        | Killed a pearl dragon
  9539 | D        | Received a gift from Trog
  9542 | D        | Noticed a hellephant
  9542 | D        | Noticed a quicksilver dragon
  9548 | D        | Killed a quicksilver dragon
  9564 | D        | Reached skill level 27 in Dodging
  9572 | D        | Killed a hellephant
  9572 | D        | Received a gift from Trog
  9664 | D        | Noticed an electric golem
  9671 | D        | Killed an electric golem
  9676 | D        | Noticed a pearl dragon
  9684 | D        | Killed a pearl dragon
  9792 | D        | Noticed an ancient lich
  9797 | D        | Killed an ancient lich
  9798 | D        | Reached skill level 27 in Shields
  9803 | D        | Noticed an orb of fire
  9805 | D        | Gained mutation: You are dopey. (Int -2) [an orb of fire]
  9814 | D        | Killed an orb of fire
 10078 | D        | Noticed a titan
 10078 | D        | Noticed a titan
 10101 | D        | Killed a titan
 10101 | D        | Identified the +4 broad axe "Melum" {vorpal, *Slow +Blink
                  | rElec rPois Dex+2} (Trog gifted it to you in the Dungeon)
 10101 | D        | Received a gift from Trog
 10219 | D        | Killed a titan
 10308 | D        | Identified the +3 battleaxe "Xopradd" {vorpal, Str+4 Int-4
                  | Dex+4} (Trog gifted it to you in the Dungeon)
 10308 | D        | Received a gift from Trog
 10309 | D        | Reached skill level 15 in Throwing
 10350 | D        | Noticed a deep elf master archer
 10359 | D        | Killed a deep elf master archer
 10461 | D        | Noticed Mevo the pandemonium lord
 10474 | D        | Killed Mevo the pandemonium lord
 10476 | D        | Noticed a Brimstone Fiend
 10484 | D        | Killed a Brimstone Fiend
 10484 | D        | Received a gift from Trog
 10604 | D        | Noticed a Hell Sentinel
 10610 | D        | Killed a Hell Sentinel
 10619 | D        | Noticed an electric golem
 10633 | D        | Killed an electric golem
 10641 | D        | Noticed a curse toe
 10647 | D        | Killed a curse toe
 10760 | D        | Noticed Pocip the pandemonium lord
 10766 | D        | Killed Pocip the pandemonium lord
 10799 | D        | Received a gift from Trog
 10807 | D        | Reached XP level 18. HP: 200/200 MP: 0/19
 11072 | D        | Received a gift from Trog
 11101 | D        | Noticed an Ice Fiend
 11115 | D        | Killed an Ice Fiend
 11121 | D        | Got the ring of Sofijeun {rC+ rCorr MP+9 Dex+3}
 11240 | D        | Received a gift from Trog
 11374 | D        | Noticed Keutoisk the pandemonium lord
 11400 | D        | Killed Keutoisk the pandemonium lord
 11477 | D        | Noticed Qeol the pandemonium lord
 11481 | D        | Noticed a Hell Sentinel
 11484 | D        | Killed Qeol the pandemonium lord
 11492 | D        | Killed a Hell Sentinel
 11492 | D        | Received a gift from Trog
 11605 | D        | Noticed a tentacled monstrosity
 11608 | D        | Killed a tentacled monstrosity
 11614 | D        | Noticed a Brimstone Fiend
 11618 | D        | Killed a Brimstone Fiend
 11618 | D        | Received a gift from Trog
 11731 | D        | Noticed a Tzitzimitl
 11731 | D        | Noticed an ancient lich
 11734 | D        | Noticed Camnedat the pandemonium lord
 11736 | D        | Killed an ancient lich
 11745 | D        | Killed Camnedat the pandemonium lord
 11753 | D        | Killed a Tzitzimitl
 11806 | D        | Noticed a Hell Sentinel
 11816 | D        | Killed a Hell Sentinel
 11816 | D        | Received a gift from Trog
 11948 | D        | Noticed an ancient lich
 11970 | D        | Noticed an orb of fire
 11973 | D        | Killed an ancient lich
 11979 | D        | Killed an orb of fire
 11979 | D        | Received a gift from Trog
 12110 | D        | Found the +3 pair of seven-league boots {Rampage+∞}
 12187 | D        | Got an iron rune of Zot
 12273 | D        | Identified the +1 chain mail "Wacka" {*Slow Regen+ Str+3}
 12337 | D        | Received a gift from Trog
 12575 | D        | Received a gift from Trog
 12676 | D        | Reached skill level 27 in Evocations
 12908 | D        | Received a gift from Trog
 13703 | D        | Received a gift from Trog
 13710 | D        | Reached XP level 19. HP: 158/207 MP: 7/24
 13721 | D        | Identified the +0 robe of Inquiry {Str+6 Stlth+}
 13729 | D        | Reached skill level 5 in Maces & Flails
 13729 | D        | Reached skill level 5 in Polearms
 13791 | D        | Identified the ring of Terra Nullius {+Blink rC+ Dex+6}
 13799 | D        | Reached skill level 5 in Long Blades
 14004 | D        | Noticed a pearl dragon
 14010 | D        | Killed a pearl dragon
 14010 | D        | Received a gift from Trog
 14040 | D        | Received a gift from Trog
 14057 | D        | Reached skill level 10 in Long Blades
 14225 | D        | Received a gift from Trog
 14292 | D        | Reached skill level 10 in Maces & Flails
 14292 | D        | Reached skill level 10 in Polearms
 14324 | D        | Received a gift from Trog
 14573 | D        | Received a gift from Trog
 14581 | D        | Reached skill level 15 in Long Blades
 14709 | D        | Received a gift from Trog
 14985 | D        | Received a gift from Trog
 14985 | D        | Found the +8 demon blade "Leech" {vamp, Harm Drain rN+}
 15017 | D        | Received a gift from Trog
 15081 | D        | Reached skill level 15 in Maces & Flails
 15089 | D        | Got a golden rune of Zot
 15346 | D        | Reached skill level 15 in Polearms
 15363 | D        | Received a gift from Trog
 15620 | D        | Received a gift from Trog
 15688 | D        | Noticed Jory
 15725 | D        | Killed Jory
 15743 | D        | Received a gift from Trog
 15748 | D        | Noticed Margery
 15774 | D        | Killed Margery
 15783 | D        | Received a gift from Trog
 15789 | D        | Received a gift from Trog
 16070 | D        | Received a gift from Trog
 16072 | D        | Reached skill level 5 in Stealth
 16206 | D        | Noticed an ancient lich
 16206 | D        | Noticed Dissolution
 16218 | D        | Killed Dissolution
 16219 | D        | Reached XP level 20. HP: 208/216 MP: 14/25
 16226 | D        | Killed an ancient lich
 16229 | D        | Noticed a royal mummy
 16229 | D        | Noticed a royal mummy
 16255 | D        | Killed a royal mummy
 16261 | D        | Noticed Boris
 16303 | D        | Killed Boris
 16304 | D        | Reached skill level 15 in Stealth
 16475 | D        | Killed a royal mummy
 16475 | D        | Received a gift from Trog
 16641 | D        | Noticed an orb of fire
 16659 | D        | Gained mutation: Armour fits poorly on your strangely
                  | shaped body. [an orb of fire]
 16660 | D        | Received a gift from Trog
 16663 | D        | Gained mutation: Your spells are a little easier to cast,
                  | but a little less powerful. [an orb of fire]
 16664 | D        | Killed an orb of fire
 16691 | D        | Lost mutation: Armour fits poorly on your strangely shaped
                  | body. [potion of mutation]
 16691 | D        | Lost mutation: You are dopey. (Int -2) [potion of mutation]
 16691 | D        | Gained mutation: Armour fits poorly on your strangely
                  | shaped body. [potion of mutation]
 16691 | D        | Gained mutation: You are weak. (Str -2) [potion of
                  | mutation]
 16691 | D        | Gained mutation: You are robust. (+10% HP) [potion of
                  | mutation]
 16691 | D        | Gained mutation: Your mind is acute. (Int +2) [potion of
                  | mutation]
 16692 | D        | Lost mutation: Armour fits poorly on your strangely shaped
                  | body. [potion of mutation]
 16692 | D        | Lost mutation: You are weak. (Str -2) [potion of mutation]
 16692 | D        | Gained mutation: You have hidden genetic defects. [potion
                  | of mutation]
 16692 | D        | Gained mutation: You sometimes lose the ability to read
                  | scrolls when taking damage. [potion of mutation]
 16692 | D        | Gained mutation: You expend magic power (3 MP) to
                  | strengthen your wands. [potion of mutation]
 16693 | D        | Lost mutation: You sometimes lose the ability to read
                  | scrolls when taking damage. [potion of mutation]
 16693 | D        | Lost mutation: You are robust. (+10% HP) [potion of
                  | mutation]
 16693 | D        | Lost mutation: You have hidden genetic defects. [potion of
                  | mutation]
 16693 | D        | Gained mutation: You are partially covered in iridescent
                  | scales. (AC +2) [potion of mutation]
 16693 | D        | Gained mutation: You have a pair of large horns on your
                  | head. [potion of mutation]
 16693 | D        | Gained mutation: Your mind is very acute. (Int +4) [potion
                  | of mutation]
 16921 | D        | Noticed a royal mummy
 16989 | D        | Killed a royal mummy
 17046 | D        | Noticed an orb of fire
 17061 | D        | Killed an orb of fire
 17196 | D        | Received a gift from Trog
 17386 | D        | Reached skill level 1 in Staves
 17386 | D        | Reached skill level 1 in Unarmed Combat
 17409 | D        | Noticed the 27-headed Lernaean hydra
 17418 | D        | Killed the 27-headed Lernaean hydra
 17418 | D        | Received a gift from Trog
 17580 | D        | Noticed Silun the pandemonium lord
 17602 | D        | Killed Silun the pandemonium lord
 17607 | D        | Reached skill level 5 in Staves
 17651 | D        | Noticed Antaeus
 17675 | D        | Killed Antaeus
 17828 | D        | Noticed a golden dragon
 17838 | D        | Killed a golden dragon
 17865 | D        | Received a gift from Trog
 17947 | D        | Received a gift from Trog
 17953 | D        | Reached skill level 1 in Bows
 17953 | D        | Reached skill level 1 in Crossbows
 18009 | D        | Reached skill level 10 in Staves
 18132 | D        | Reached skill level 10 in Unarmed Combat
 18220 | D        | Received a gift from Trog
 18232 | D        | Noticed an ancient lich
 18239 | D        | Noticed an orb of fire
 18239 | D        | Noticed an ancient lich
 18239 | D        | Gained mutation: Your magical capacity is low. (-10% MP)
                  | [an orb of fire]
 18247 | D        | Killed an ancient lich
 18248 | D        | Reached skill level 27 in Long Blades
 18248 | D        | Reached skill level 5 in Bows
 18248 | D        | Reached skill level 5 in Crossbows
 18248 | D        | Noticed Zuocziri the pandemonium lord
 18250 | D        | Killed an ancient lich
 18259 | D        | Killed an orb of fire
 18259 | D        | Received a gift from Trog
 18264 | D        | Killed Zuocziri the pandemonium lord
 18389 | D        | Got the Orb of Zot
 18444 | D        | Reached XP level 21. HP: 189/224 MP: 3/23
 18482 | D        | Noticed Xuqaih the pandemonium lord
 18488 | D        | Received a gift from Trog
 18490 | D        | Killed Xuqaih the pandemonium lord
 18491 | D        | Reached skill level 15 in Staves
 18505 | D        | Escaped with the Orb!

Illustrated notes

Levels and vault maps discovered:
D:        pitsprint [storerooms_1, entrance_room_1, metal_vault_5, armoury_1,
          mini_pit_1, grid_room_1, main_hall_1, silver_pit, the_coven_1,
          the_vestibule_1, steel_vault_3, golden_pit, hallway_of_sentries,
          crystal_vault_4, iron_vault_1, final_vault]

Skill      XL: |  1  2  3  4  5  6  7  8  9 10 11 12 13 14 15 16 17 18 19 20 21 |
---------------+----------------------------------------------------------------+-----
Fighting       | 4 6 7 9 10 11 13 14 17 19 21 24 27 | 27.0
Axes           | 4 5 9 10 12 13 15 17 20 23 24 25 27 | 27.0
Armour         | 3 4 6 7 8 9 11 12 14 17 19 21 24 26 27 | 27.0
Dodging        | 3 5 6 7 9 10 11 13 14 15 17 19 21 25 27 | 27.0
Evocations     | 5 8 11 14 16 21 27 | 27.0
Shields        | 3 9 13 16 24 27 | 27.0
Slings         | 10 12 14 16 19 25 | 25.2
Throwing       | 8 17 22 23 | 23.9
Spellcasting   | 1 4 |  4.1
Maces & Flails | 4 19 20 | 20.9
Polearms       | 4 19 20 | 20.9
Long Blades    | 4 25 27 | 27.0
Stealth        | 11 24 | 24.4
Staves         | 14 15 | 15.6
Unarmed Combat | 13 14 | 14.5
Bows           | 7 8 |  8.5
Crossbows      | 7 8 |  8.4

Action                   |  1- 3 |  4- 6 |  7- 9 | 10-12 | 13-15 | 16-18 | 19-21 || total
-------------------------+-------+-------+-------+-------+-------+-------+-------++-------
Melee: Hand axe          |    28 |    36 |    26 |       |       |       |       ||    90
       Headbutt          |     3 |     5 |    13 |    63 |    96 |   243 |   191 ||   614
       War axe           |       |       |    26 |    60 |       |       |       ||    86
       Executioner's axe |       |       |       |   136 |   365 |   211 |       ||   712
       Battleaxe         |       |       |       |    20 |       |       |       ||    20
       Broad axe         |       |       |       |       |       |   606 |   658 ||  1264
 Fire: Hunting sling     |       |       |       |       |    18 |     1 |       ||    19
Throw: Stone             |       |       |       |     2 |       |       |       ||     2
       Dart              |       |       |       |       |       |       |     2 ||     2
       Javelin           |       |       |       |       |       |       |     1 ||     1
Invok: Trog's Hand       |     1 |       |     2 |    28 |    12 |    27 |    12 ||    82
       Berserk           |       |       |     2 |     9 |     8 |     8 |     2 ||    29
       Brothers in Arms  |       |       |     1 |     6 |     4 |     7 |     4 ||    22
Evoke: Wand              |       |       |       |     1 |     1 |       |       ||     2
       Phantom mirror    |       |       |       |       |       |     2 |       ||     2
       Tin of tremorston |       |       |       |       |       |     1 |       ||     1
  Use: Potion            |       |       |       |     1 |     4 |    25 |    11 ||    41
       Scroll            |       |       |       |     1 |     5 |    15 |       ||    21
 Stab: Distracted        |       |       |     1 |       |     1 |       |       ||     2
Armor: Animal skin       |     1 |       |       |       |       |       |       ||     1
       Chain mail        |     2 |    16 |    17 |    65 |     1 |       |       ||   101
       Gold dragon scale |       |       |       |       |   216 |   364 |   164 ||   744
Dodge: Dodged            |    26 |    11 |    30 |    90 |   151 |   248 |    89 ||   645
       Repelled          |       |       |       |       |       |    14 |     5 ||    19
Block: Tower shield      |       |       |       |       |       |   427 |   497 ||   924

Table legend: (Time is in decaauts) A = Elapsed time spent in this place. B = Non-inter-level travel time spent in this place. C = Inter-level travel time spent in this place. D = Time resting spent in this place. E = Time spent auto-exploring this place. F = Levels seen in this place. G = Mean time per level. A B C D E F G +--------+--------+--------+--------+--------+-----+--------+ Total | 17999 | 17972 | 27 | 6935 | 0 | 1 | 17999.0 | Dungeon | 17999 | 17972 | 27 | 6935 | 0 | 1 | 17999.0 | +--------+--------+--------+--------+--------+-----+--------+

Top non-repeatable levels by time:
       D: 17999 daAuts
